 Dungeon Crawl Stone Soup version 0.31-a0-4-gefa6de2278 (webtiles) character file.

Game seed: 9907184134833384995

45 voltaire321 the Sneak (level 3, -2/21 HPs)
             Began as an Octopode Earth Elementalist on May 3, 2023.
             Slain by Natasha (4 damage)
             ... on level 2 of the Dungeon.
             The game lasted 00:02:58 (1342 turns).

voltaire321 the Sneak (Octopode Earth Elementalist) Turns: 1342, Time: 00:02:59

Health: -2/21      AC:  1    Str:  7    XL:     3   Next: 64%
Magic:  2/6        EV: 13    Int: 19    God:
Gold:   91         SH:  0    Dex: 12    Spells: 5/6 levels left

rFire   . . .        b - +0 whip
rCold   . . .        (no shield)
rNeg    . . .        (helmet restricted)
rPois   .            (no amulet)
rElec   .            c - ring of willpower
rCorr   .            (no ring)
SInv    .            (no ring)
Will    +....        (no ring)
Stlth   +++          (no ring)
HPRegen 0.23/turn    (no ring)
MPRegen 0.10/turn    (no ring)
                     (no ring)

%: no passive effects
@: no status effects
A: almost no armour, amphibious, 8 rings, camouflage 1, gelatinous body 1,
(nimble swimmer 1), tentacles
a: no special abilities


You were on level 2 of the Dungeon.
You visited 1 branch of the dungeon, and saw 2 of its levels.

You collected 91 gold pieces.

Inventory:

Hand Weapons
 b - a +0 whip (weapon)
Jewellery
 c - a ring of willpower (left tentacle)
 e - an amulet of guardian spirit
 f - a ring of willpower
Wands
 i - a wand of iceblast (6)
Scrolls
 g - a scroll of teleportation {unknown}
 j - a scroll of magic mapping {unknown}
 k - a scroll of identify {unknown}
Potions
 a - a potion of magic
 d - 2 potions of degeneration {unknown}
 h - a potion of invisibility {unknown}
 l - a potion of might {unknown}


   Skills:
 + Level 2.4 Dodging
 + Level 3.5 Stealth
 + Level 2.3 Spellcasting
 + Level 1.6 Transmutations
 + Level 3.3 Earth Magic


You had 5 spell levels left.
You knew the following spells:

 Your Spells              Type           Power      Damage    Failure   Level
a - Sandblast             Erth           28%        2d8       4%          1

Your spell library contained the following spells:

 Spells                   Type           Power      Damage    Failure   Level
 Passwall                 Tmut/Erth      9%         N/A       9%          2
 Stone Arrow              Conj/Erth      16%        3d8       26%         3
 Petrify                  Tmut/Erth      11%        N/A       52%         4


Dungeon Overview and Level Annotations

Branches:
Dungeon (2/15)

Altars:

Annotations:
D:2 Jessica, Natasha


Innate Abilities, Weirdness & Mutations

You cannot wear most types of armour.
You are amphibious.
You can wear up to eight rings at the same time.
Your skin changes colour to match your surroundings (Stealth+).
Your rubbery body absorbs attacks. (AC +1, EV +1)
((You are camouflaged when in or above water. (Stealth+)))
You have tentacles for arms and can constrict up to eight enemies at once.


Message History

A hobgoblin and a kobold come into view.
The kobold moves out of view.
You see here an amethyst potion.
Aiming: Sandblast (safe; 4% risk of failure)
Press: ? - help, Q - select action, (/) - cycle Shift-Dir - straight line, f - hobgoblin
Aim: a hobgoblin (asleep, 100% to hit)
The blast of sand hits the hobgoblin but does no damage.
The hobgoblin shouts!
Natasha hisses angrily.
You hear a shout!
Natasha stares at you and mumbles some strange words.
You resist with almost no effort.
Aiming: Sandblast (safe; 4% risk of failure)
Press: ? - help, Q - select action, (/) - cycle Shift-Dir - straight line, f/p - hobgoblin
Aim: a hobgoblin (82% to hit)
The blast of sand hits the hobgoblin.
The hobgoblin is heavily wounded.
Natasha howls an incantation.
Natasha glows brightly for a moment.
Aiming: Sandblast (safe; 4% risk of failure)
Press: ? - help, Q - select action, (/) - cycle Shift-Dir - straight line, f/p - hobgoblin
Aim: a hobgoblin (heavily wounded, 82% to hit)
The blast of sand hits the hobgoblin!
You kill the hobgoblin!
Natasha mumbles some strange words.
You feel troubled. Natasha claws you!
Jessica the Apprentice Sorceress comes into view.
She is wielding a +0 dagger and carrying a wand of flame (30).
Aiming: Sandblast (safe; 4% risk of failure)
Press: ? - help, Q - select action, (/) - cycle Shift-Dir - straight line, f - Natasha
Aim: Natasha (77% to hit)
The blast of sand hits Natasha.
Natasha is moderately wounded.
Natasha claws you.
Jessica zaps a wand.
The puff of flame hits you!
Ouch! That really hurt!
* * * LOW HITPOINT WARNING * * *
Jessica mumbles some strange words.
Jessica seems to speed up.
Natasha closely misses you.
You see here an amethyst potion.
Natasha attacks as you move away! Natasha claws you.
You die...

#.#@#### ##.#....#
#.......# #... ...#
####... ..# #(.....
##.######
#$.....##..†....##.
#........!@h.......
#.......###..#.#..#
#######.......# ...#
..<..##.......###..##
'###.##..............
.....##.......###..##
.....##.......# #..#
...........##.# #..#
[...###.....#........


You could see Natasha and Jessica (fast).

Vanquished Creatures
  An adder (D:2)
  3 bats (D:1)
  5 endoplasms (D:1)
  2 giant cockroaches (D:1)
  3 goblins (D:1)
  6 hobgoblins
  2 quokkas
  2 ball pythons
  A frilled lizard (D:1)
  7 kobolds
  A rat (D:2)
33 creatures vanquished.

Notes
Turn   | Place    | Note
-------+----------+-------------------------------------------
     0 | D:1      | voltaire321 the Octopode Earth Elementalist began the quest
                  | for the Orb.
     0 | D:1      | Reached XP level 1. HP: 11/11 MP: 3/3
   177 | D:1      | Reached XP level 2. HP: 17/17 MP: 0/5
   782 | D:1      | Reached XP level 3. HP: 21/21 MP: 4/6
  1333 | D:2      | Noticed Natasha
  1339 | D:2      | Noticed Jessica
  1342 | D:2      | Slain by Natasha

Illustrated notes

Levels and vault maps discovered:
D:1:      shiori_shiawase, layout_basic
D:2:      layout_basic, hellmonk_ecumenical_altar_heavens_door,
          minmay_misc_feat_nine_boxes, uniq_natasha, uniq_jessica

Skill      XL: |  1  2 |
---------------+-------+-----
Stealth        | 3 |  3.5
Dodging        | |  2.4
Spellcasting   | |  2.3
Transmutations | |  1.6
Earth Magic    | |  3.3

Action                     || total
---------------------------++-------
  Melee: Whip              ||    21
         Constrict         ||     6
         Tentacles         ||     3
         Punch             ||     1
   Cast: Sandblast         ||    36
 Armour: Skin              ||     1
  Dodge: Dodged            ||    19

Table legend: (Time is in decaauts)
 A = Elapsed time spent in this place.
 B = Non-inter-level travel time spent in this place.
 C = Inter-level travel time spent in this place.
 D = Time resting spent in this place.
 E = Time spent auto-exploring this place.
 F = Levels seen in this place.
 G = Mean time per level.
                   A        B        C        D        E       F      G
               +--------+--------+--------+--------+--------+-----+--------+
         Total |   1361 |   1293 |     68 |    171 |    878 |   2 |  680.5 |
       Dungeon |   1361 |   1293 |     68 |    171 |    878 |   2 |  680.5 |
               +--------+--------+--------+--------+--------+-----+--------+

Top non-repeatable levels by time:
     D:1: 1075 daAuts
     D:2: 285 daAuts
